 Dungeon Crawl Stone Soup version 0.32-a0-986-ga09f62fbf4 (webtiles) character file.

Game seed: 5734051663066153150

150 trashops the Chopper (level 5, -1/46 HPs)
             Began as a Mountain Dwarf Fighter on Apr 21, 2024.
             Splashed by a jelly's acid (2 damage)
             ... on level 4 of the Dungeon.
             The game lasted 00:03:35 (1737 turns).

trashops the Chopper (Mountain Dwarf Fighter)       Turns: 1737, Time: 00:03:36

Health: -1/46      AC:  3    Str: 19 (21) XL:     5   Next: 10%
Magic:  5/5        EV:  8    Int:  5 (8)  God:
Gold:   119        SH:  5    Dex: 14 (15) Spells: 4/4 levels left

rFire   . . .        a - +0 war axe
rCold   . . .        c - +1 buckler
rNeg    . . .        b - +0 scale mail
rPois   .            (no helmet)
rElec   .            (no cloak)
rCorr   .            (no gloves)
SInv    .            (no boots)
Will    .....        (no amulet) Stlth
                     e - +6 ring of dexterity
HPRegen 0.27/turn    (no ring)
MPRegen 0.09/turn

%: no passive effects
@: corroded
A: runic magic, artefact enchanting
a: no special abilities


You were on level 4 of the Dungeon.
You visited 1 branch of the dungeon, and saw 4 of its levels.

You collected 119 gold pieces.

Inventory:

Hand Weapons
 a - a +0 war axe (weapon)
Armour
 b - a +0 scale mail (worn)
 c - a +1 buckler (worn)
Jewellery
 e - a +6 ring of dexterity (left hand)
Wands
 i - a wand of flame (9)
 j - a wand of polymorph (4)
 m - a wand of roots (13)
Potions
 d - a potion of might
 k - a potion of brilliance {unknown}


   Skills:
 + Level 3.8 Fighting
 * Level 4.9 Axes
 + Level 4.3 Armour
 + Level 3.6 Shields


You had 4 spell levels left.
You didn't know any spells.
Your spell library contained the following spells:

 Spells                   Type           Power      Damage    Failure   Level
 Magic Dart               Conj           0%         1d3       65%         1
 Blink                    Tloc           0%         N/A       78%         2
 Call Imp                 Summ           0%         N/A       78%         2


Dungeon Overview and Level Annotations

Branches:
Dungeon (4/15)
 Temple: D:4-7

Altars:
Wu Jian
Xom

Shops:
D:2 (


Innate Abilities, Weirdness & Mutations

Your spellcasting is much less encumbered by armour.
You can use scrolls of enchantment on lesser artefacts.


Message History

There is a stone staircase leading down here.
The orc hits you with a +0 whip.
The orc throws a boomerang.
The boomerang hits you but does no damage.
The orc priest shouts, "Beogh offers mercy even to people such as you.
Join us and be reborn!" (press Y on the ability menu to convert to Beogh)
You climb downwards.
There is a stone staircase leading up here.
You closely miss the orc. The orc closely misses you.
You slash the orc!
You kill the orc!
An iguana comes into view.
Things that are here:
a +0 whip; a +0 leather armour A jelly comes into view.
The jelly quivers.
You see here a scroll labelled BAPPYD NIEMAE.
You block the iguana's attack.
You closely miss the iguana. The iguana closely misses you. x2
The jelly hits you. The acid corrodes you!
You are splashed with acid!
You slash the iguana!
The iguana is severely wounded.
You barely miss the jelly. You block the jelly's attack.
The iguana closely misses you.
You hit the iguana but do no damage.
The iguana is severely wounded.
You hit the jelly.
Your hands burn!
* * * LOW HITPOINT WARNING * * *
The jelly completely misses you. The iguana bites you!
* * * LOW HITPOINT WARNING * * *
Unknown command.
You slash the jelly!
Your hands burn!
* * * LOW HITPOINT WARNING * * *
The jelly is almost dead.
You hit the iguana.
You kill the iguana!
The jelly completely misses you. You block the jelly's attack.
You feel your strength returning.
You have reached level 5!
You hit the jelly but do no damage.
Your hands burn!
You die...

..# .< #.##
#.†# #<##
#.)# ###
##?##
#...#..#
#.@.#
#J†..#
#.......
..........
#.#########
.. .## ##


You could see a jelly.

Vanquished Creatures
  An iguana (D:4)
  Jessica (D:2)
  Terence (D:2)
  2 adders (D:4)
  A dart slug (D:2)
  2 ribbon worms (D:2)
  An orc (D:4)
  A bat (D:2)
  3 endoplasms
  7 goblins
  4 hobgoblins
  3 jackals (D:1)
  6 kobolds
  2 quokkas (D:1)
  3 ball pythons
  3 frilled lizards
  4 rats
45 creatures vanquished.

Notes
Turn   | Place    | Note
-------+----------+-------------------------------------------
     0 | D:1      | trashops the Mountain Dwarf Fighter began the quest for the
                  | Orb.
     0 | D:1      | Reached XP level 1. HP: 19/19 MP: 1/1
     0 | D:1      | Noticed an octopode
     1 | D:1      | Noticed a demigod
    11 | D:1      | Noticed a gargoyle
    17 | D:1      | Noticed a draconian
    19 | D:1      | Noticed a troll
   120 | D:1      | Reached XP level 2. HP: 26/26 MP: 2/2
   768 | D:2      | Noticed Terence
   778 | D:2      | Killed Terence
   779 | D:2      | Reached XP level 3. HP: 16/33 MP: 3/3
   912 | D:2      | Found a faded altar of an unknown god.
  1078 | D:2      | Reached XP level 4. HP: 33/40 MP: 4/4
  1118 | D:2      | Noticed Jessica
  1126 | D:2      | Killed Jessica
  1221 | D:2      | Found Ame Wadgh's Antique Weapon Shoppe.
  1562 | D:3      | Found an ornate altar of the Wu Jian Council.
  1566 | D:3      | Found a shimmering altar of Xom.
  1579 | D:4      | HP: 2/40 [burnt (3)]
  1735 | D:4      | HP: 2/40 [iguana (9)]
  1737 | D:4      | Reached XP level 5. HP: 1/46 MP: 5/5
  1737 | D:4      | Splashed by a jelly's acid

Illustrated notes

Levels and vault maps discovered:
D:1:      shiori_arrival_whats_in_store_for_you, layout_loops_ring
D:2:      layout_loops_ring, serial_shops, nicolae_shop_back_alley_shop,
          hellmonk_ecumenical_altar_zigzags, uniq_jessica, uniq_terence
D:3:      gammafunk_steamed_eel, layout_basic, minitemple
D:4:      layout_layer_cave

Skill      XL: |  1  2  3  4 |
---------------+-------------+-----
Axes           | 3 4 |  4.9
Armour         | 4 |  4.3
Fighting       | |  3.8
Shields        | |  3.6

Action                     |  1- 3 |  4- 6 || total
---------------------------+-------+-------++-------
  Melee: War axe           |   103 |    27 ||   130
  Evoke: Wand              |       |     1 ||     1
    Use: Scroll            |       |     3 ||     3
         Potion            |       |     1 ||     1
 Armour: Scale mail        |    63 |    21 ||    84
  Dodge: Dodged            |    37 |    20 ||    57
  Block: Buckler           |    26 |    14 ||    40

Table legend: (Time is in decaauts)
 A = Elapsed time spent in this place.
 B = Non-inter-level travel time spent in this place.
 C = Inter-level travel time spent in this place.
 D = Time resting spent in this place.
 E = Time spent auto-exploring this place.
 F = Levels seen in this place.
 G = Mean time per level.
                   A        B        C        D        E       F      G
               +--------+--------+--------+--------+--------+-----+--------+
         Total |   1790 |   1761 |     29 |    202 |   1238 |   4 |  447.5 |
       Dungeon |   1790 |   1761 |     29 |    202 |   1238 |   4 |  447.5 |
               +--------+--------+--------+--------+--------+-----+--------+

Top non-repeatable levels by time:
     D:2: 852 daAuts
     D:1: 687 daAuts
     D:4: 166 daAuts
     D:3: 84 daAuts
